 Dungeon Crawl Stone Soup version 0.32-a0-571-gec57dfcd37 (webtiles) character file.

Game seed: 3848544466041893227

2562 Aneyh the Fighter (level 9, -6/57 HPs)
             Began as a Tengu Monk on Feb 29, 2024.
             Was a Priest of Hepliaklqana.
             Killed from afar by an acid dragon (39 damage)
             ... with a splash of acid
             ... on level 7 of the Dungeon.
             The game lasted 00:11:23 (5887 turns).

Aneyh the Fighter (Tengu Monk)                      Turns: 5887, Time: 00:11:25

Health: -6/57      AC:  6    Str: 17    XL:     9   Next: 56%
Magic:  10/10      EV: 21    Int: 10    God:    Hepliaklqana [***...]
Gold:   328        SH:  0    Dex: 22    Spells: 8/8 levels left

rFire   . . .        a - +3 dagger (venom)
rCold   . . .        (no shield)
rNeg    . . .        K - +0 leather armour
rPois   .            (helmet restricted)
rElec   .            (no cloak)
rCorr   .            A - +2 pair of gloves
SInv    .            (boots unavailable)
Will    .....        y - amulet of magic regeneration
Stlth   ++           t - +6 ring of dexterity
HPRegen 0.29/turn    (no ring)
MPRegen 0.52/turn

%: acrobat
@: flying
A: reduced essence, beak, talons 3, evasive flight, acrobatic
a: Renounce Religion, Recall Ancestor, Ancestor Identity, Transference


You were on level 7 of the Dungeon.
You worshipped Hepliaklqana.
Hepliaklqana was most pleased with you.
You visited 2 branches of the dungeon, and saw 8 of its levels.
You also visited: Sewer.

You collected 328 gold pieces.

Inventory:

Hand Weapons
 a - a +3 dagger of venom (weapon)
 b - a +0 shortbow
 m - a +0 spear
 D - a +0 long sword
 E - a +0 dagger of freezing
 F - a +0 sling
 G - a +0 broad axe
 O - a +0 great sword
Missiles
 w - 5 poisoned darts
 H - a curare-tipped dart (quivered)
Armour
 d - an orb of light
 l - a +0 robe
 z - a +0 scale mail
 A - a +2 pair of gloves (worn)
 K - a +0 leather armour (worn)
Jewellery
 t - a +6 ring of dexterity (left hand)
 y - an amulet of magic regeneration (around neck)
Wands
 k - a wand of acid (8)
 I - a wand of paralysis (9)
Scrolls
 e - 5 scrolls of identify {unknown}
 h - a scroll of revelation {unknown}
 i - 2 scrolls of enchant weapon {unknown}
 o - a scroll of teleportation {unknown}
 p - 2 scrolls of immolation {unknown}
 u - a scroll of fog {unknown}
 x - 2 scrolls of noise {unknown}
 C - a scroll of poison {unknown}
 L - a scroll of fear {unknown}
 M - a scroll of amnesia {unknown}
 N - a scroll of enchant armour {unknown}
Potions
 c - a potion of ambrosia
 f - 3 potions of lignification {unknown}
 g - 5 potions of curing {unknown}
 j - 4 potions of attraction {unknown}
 n - 2 potions of degeneration {unknown}
 q - 2 potions of brilliance {unknown}
 r - 2 potions of heal wounds {unknown}
 s - 3 potions of haste {unknown}
 v - a potion of cancellation {unknown}
 B - a potion of enlightenment {unknown}
 J - a potion of mutation {unknown}


   Skills:
 * Level 11.0 Fighting
 - Level 4.2 Polearms
 - Level 8.0 Dodging


You had 8 spell levels left.
You didn't know any spells.
Your spell library contained the following spells:

 Spells                   Type           Power      Damage    Failure   Level
 Mercury Vapours          Alch/Air       0%         N/A       56%         2
 Dazzling Flash           Conj/Hex       0%         N/A       80%         3
 Fugue of the Fallen      Necr           0%         N/A       80%         3
 Mephitic Cloud           Conj/Alch/Air  0%         N/A       80%         3
 Ozocubu's Armour         Ice            0%         N/A       80%         3
 Volatile Blastmotes      Fire/Tloc      0%         2d10      80%         3
 Manifold Assault         Tloc           0%         N/A       99%         4
 Freezing Cloud           Conj/Ice/Air   0%         6-21      100%        5
 Starburst                Conj/Fire      0%         6d3       100%        6
 Maxwell's Capacitive Co  Air            0%         ∞         100%        8


Dungeon Overview and Level Annotations

Branches:
Dungeon (7/15)             Temple (1/1) D:5           Sewer (visited)

Altars:
Ashenzari
Dithmenos
Elyvilon
Fedhas
Gozag
Hepliaklqana
Kikubaaqudgha
Makhleb
Nemelex Xobeh
Okawaru
Qazlal
Ru
Sif Muna
Trog
Uskayaw
Vehumet
Wu Jian
Xom
Yredelemnul
Zin
The Shining One

Shops:
D:3 *   D:6 ?

Annotations:
D:3 2 transporters, BeKind's ghost, amateur MiBe
D:5 1 runed translucent door, dialectric's ghost, amateur OpDe


Innate Abilities, Weirdness & Mutations

Your life essence is reduced to manifest your ancestor. (-10% HP)
You have a beak for a mouth.
You have claws for feet.
Your magical flight helps you evade attacks. (EV +4)
You can magically evade attacks while moving or waiting.


Message History

You swap places.
The acid dragon spits acid at you.
The splash of acid hits Patic!
The acid corrodes Patic!
Fire: b) +0 shortbow
Press: ? - help, Q - select action, (/) - cycle Shift-Dir - straight line, f - acid dragon
Aim: an acid dragon (catching its breath, ally target, 68% to hit)
You shoot an arrow. Patic avoids your attack.
The arrow hits the acid dragon.
The acid dragon is lightly wounded.
Patic casts a spell at the acid dragon.
The stone arrow hits the acid dragon!
Fire: b) +0 shortbow
Press: ? - help, Q - select action, (/) - cycle Shift-Dir - straight line, f/p - acid dragon
Aim: an acid dragon (moderately wounded, catching its breath, ally target, 68% to hit)
You shoot an arrow.
The arrow barely misses the acid dragon.
Patic hits the acid dragon with a +0 quarterstaff!
The acid dragon spits acid at you.
The splash of acid hits Patic!!
Patic seems to be corroded for longer.
Patic is destroyed!
Fire: b) +0 shortbow
Press: ? - help, Q - select action, (/) - cycle Shift-Dir - straight line, f/p - acid dragon
Aim: an acid dragon (severely wounded, catching its breath, 68% to hit)
You shoot an arrow.
The arrow closely misses the acid dragon.
Unknown command.
Fire: b) +0 shortbow
Press: ? - help, Q - select action, (/) - cycle Shift-Dir - straight line, f/p - acid dragon
Aim: an acid dragon (severely wounded, catching its breath, 68% to hit)
You shoot an arrow.
The arrow closely misses the acid dragon.
Unknown command.
Your +3 dagger of venom begins to drip with poison!
a - a +3 dagger of venom (weapon)
You closely miss the acid dragon. Your kick misses the acid dragon.
The acid dragon is severely wounded.
The acid dragon spits acid at you. The splash of acid hits you!!!
Ouch! That really hurt!
You die...
Hepliaklqana delivers you to your ancestors.

#.##........
.##############.##....#..#
...........#.....#.......#
...........#.##.....#....#
...........#.##.........##
.......))))#.##..#........
#########.##...........)#.
#.D..#..####..).#.
#@#.....# #.#).#.
.....)).#.....# #.#..#.
....######[#### #.#.... ..
..# #.#.... #### #.#....
#.#...# #.#...< #......
#.###..


You could see an acid dragon (catching breath).

Vanquished Creatures
  Prince Ribbit (D:6)
  A water moccasin (D:6)
  Duvessa (D:7)
  2 ogres (D:5)
  A phantom (D:4)
  2 kobold brigands (Sewer)
  2 scorpions
  A wight (D:7)
  Dowan (D:7)
  2 howler monkeys (D:7)
  A bombardier beetle (D:3)
  2 jellies (D:4)
  3 orc priests
  A hound (D:5)
  Terence (D:3)
  An iguana (D:4)
  4 orc wizards
  8 adders
  2 ufetubi (D:5)
  9 ribbon worms
  A dart slug (D:3)
  16 orcs
  9 ball pythons
  6 bats
  5 endoplasms
  3 giant cockroaches
  5 goblins
  10 hobgoblins
  11 kobolds
  A quokka (D:3)
  4 frilled lizards
  4 rats
121 creatures vanquished.

Vanquished Creatures (collateral kills)
  A hornet (D:7)
  Grinder (D:6)
  Menkaure (D:6)
  An orc warrior (D:7)
  A bullfrog (D:6)
  3 wights (D:7)
  A howler monkey (D:7)
  A jelly (D:6)
  An orc priest (D:7)
  An orc wizard (D:7)
  An adder (D:6)
13 creatures vanquished.

Vanquished Creatures (others)
  A battlemage (D:7)
1 creature vanquished.

Grand Total: 135 creatures vanquished

Notes
Turn   | Place    | Note
-------+----------+-------------------------------------------
     0 | D:1      | Aneyh the Tengu Monk began the quest for the Orb.
     0 | D:1      | Reached XP level 1. HP: 14/14 MP: 2/2
   220 | D:1      | Reached XP level 2. HP: 19/19 MP: 3/3
   983 | D:2      | Reached XP level 3. HP: 23/23 MP: 4/4
  1781 | D:3      | Found a transporter.
  1781 | D:3      | Found a glowing drain.
  1795 | Sewer    | Entered a sewer
  1936 | Sewer    | Reached XP level 4. HP: 26/28 MP: 5/5
  1965 | Sewer    | Noticed a kobold brigand
  1973 | Sewer    | Killed a kobold brigand
  1974 | Sewer    | Reached skill level 5 in Dodging
  1974 | Sewer    | Reached XP level 5. HP: 25/32 MP: 6/6
  2210 | Sewer    | Noticed a kobold brigand
  2231 | Sewer    | Killed a kobold brigand
  2328 | D:3      | Noticed BeKind's ghost (amateur MiBe)
  2378 | D:3      | Reached XP level 6. HP: 30/37 MP: 7/7
  2526 | D:3      | Found a bloodstained altar of Trog.
  2603 | D:3      | Found a transporter.
  2827 | D:3      | Found a white marble altar of Elyvilon.
  2889 | D:3      | Noticed Terence
  2902 | D:3      | Killed Terence
  3104 | D:3      | Found Zeawi's General Store.
  3697 | D:4      | Gained mutation: Your magical flight helps you evade
                  | attacks. (EV +4) [Tengu growth]
  3697 | D:4      | Reached XP level 7. HP: 39/41 MP: 8/8
  3733 | D:4      | Reached skill level 4 in Fighting
  4145 | D:5      | Entered Level 5 of the Dungeon
  4145 | D:5      | Found a shimmering altar of Xom.
  4276 | D:5      | Found a staircase to the Ecumenical Temple.
  4282 | Temple   | Entered the Ecumenical Temple
  4299 | Temple   | Became a worshipper of Hepliaklqana the Forgotten
  4299 | Temple   | Reached * piety under Hepliaklqana
  4299 | Temple   | Reached ** piety under Hepliaklqana
  4358 | D:5      | Reached skill level 5 in Fighting
  4369 | D:5      | Found a radiant altar of Vehumet.
  4434 | D:5      | Reached XP level 8. HP: 45/45 MP: 9/9
  4439 | D:5      | Reached skill level 6 in Fighting
  4464 | D:5      | Found an iron altar of Okawaru.
  4647 | D:5      | Found a runed translucent door.
  4647 | D:5      | Noticed dialectric's ghost (amateur OpDe)
  4864 | D:6      | Noticed Prince Ribbit
  4876 | D:6      | Killed Prince Ribbit
  4877 | D:6      | Reached skill level 7 in Fighting
  4970 | D:6      | Found Fablam's Magic Scroll Emporium.
  4970 | D:6      | Noticed Grinder
  4972 | D:6      | Paralysed by Grinder for 3 turns
  4975 | D:6      | Remembered your ancestor Patic as a battlemage
  4980 | D:6      | Killed Grinder
  4981 | D:6      | Reached skill level 8 in Fighting
  5149 | D:6      | Noticed Menkaure
  5156 | D:6      | Killed Menkaure
  5510 | D:6      | Reached skill level 9 in Fighting
  5561 | D:6      | Reached XP level 9. HP: 54/54 MP: 10/10
  5751 | D:7      | Reached *** piety under Hepliaklqana
  5785 | D:7      | Noticed Dowan
  5794 | D:7      | Killed Dowan
  5807 | D:7      | Noticed Duvessa
  5811 | D:7      | Reached skill level 10 in Fighting
  5821 | D:7      | Killed Duvessa
  5838 | D:7      | Noticed a hornet
  5839 | D:7      | Killed a hornet
  5846 | D:7      | Reached skill level 11 in Fighting
  5887 | D:7      | Killed from afar by an acid dragon

Illustrated notes

Levels and vault maps discovered:
D:1:      lightli_arrival_flooded_house, layout_basic
D:2:      layout_loops_corners
D:3:      layout_loops_corners, elyvilon_altar_3, mainiacjoe_overflow_brackets,
          serial_shops, nicolae_shop_rolling_square, gammafunk_ghost_arena,
          cheibrodos_sewer_entry_sluice, uniq_terence
D:4:      dreamdust_elfheim, layout_rooms, minmay_misc_feat_tiny,
          roderic_roman_lattice, minivault_26
D:5:      layout_rooms, okawaru_trees_1, vehumet_crystals,
          mainiacjoe_overflow_alcove_4, temple_green,
          ebering_ghost_reflecting_pool
D:6:      layout_basic, serial_shops, shop, dreamdust_mushroom_princess,
          nicolae_lava_and_water, uniq_menkaure, uniq_grinder,
          uniq_prince_ribbit1
D:7:      layout_basic, serial_shops, shop, enter_ossuary_5, uniq_joseph,
          uniq_crazy_yiuf_cottage, uniq_duvessa
Temple:   lightli_temple_of_artemis

Skill      XL: |  1  2  3  4  5  6  7  8  9 |
---------------+----------------------------+-----
Polearms       | 4 |  4.2
Dodging        | 4 5 6 7 8 |  8.0
Fighting       | 5 9 11 | 11.0

Action                     |  1- 3 |  4- 6 |  7- 9 || total
---------------------------+-------+-------+-------++-------
  Melee: Spear             |    75 |       |       ||    75
         Kick              |    18 |    35 |    53 ||   106
         Peck              |     9 |    28 |    30 ||    67
         Dagger            |    21 |   133 |   141 ||   295
   Fire: Sling             |     6 |       |       ||     6
         Shortbow          |       |       |    30 ||    30
  Throw: Dart              |       |       |     1 ||     1
 Invoke: Ancestor Life: Ba |       |       |     1 ||     1
   Stab: Sleeping          |     3 |       |       ||     3
 Armour: Robe              |    27 |    50 |    25 ||   102
         Leather armour    |       |       |    14 ||    14
  Dodge: Dodged            |    76 |    77 |   120 ||   273

Table legend: (Time is in decaauts)
 A = Elapsed time spent in this place.
 B = Non-inter-level travel time spent in this place.
 C = Inter-level travel time spent in this place.
 D = Time resting spent in this place.
 E = Time spent auto-exploring this place.
 F = Levels seen in this place.
 G = Mean time per level.
                   A        B        C        D        E       F      G
               +--------+--------+--------+--------+--------+-----+--------+
         Total |   5982 |   5809 |    173 |    420 |   4213 |   9 |  664.7 |
       Dungeon |   5334 |   5177 |    157 |    302 |   4037 |   7 |  762.0 |
        Temple |     34 |     18 |     16 |      0 |      0 |   1 |   34.0 |
         Sewer |    613 |    613 |      0 |    118 |    175 |   1 |  613.0 |
               +--------+--------+--------+--------+--------+-----+--------+

Top non-repeatable levels by time:
     D:3: 1047 daAuts
     D:1: 938 daAuts
     D:6: 890 daAuts
     D:4: 876 daAuts
     D:2: 836 daAuts
   Sewer: 613 daAuts
     D:5: 600 daAuts
     D:7: 144 daAuts
  Temple: 34 daAuts
